 Dungeon Crawl Stone Soup version 0.30.1-11-g7821555f0a (webtiles) character file.

Game seed: 10018713281177987299

494 jagang the Slasher (level 7, -1/48 (56) HPs)
             Began as a Barachi Monk on Nov 14, 2023.
             Slain by a wight
             ... wielding a +0 halberd
              (3 damage)
             ... on level 4 of the Dungeon.
             The game lasted 00:07:07 (3372 turns).

jagang the Slasher (Barachi Monk)                   Turns: 3372, Time: 00:07:07

HP:   -1/48 (56)    AC: 13    Str: 13    XL:     7   Next: 15%
MP:   7/7           EV:  4    Int: 10    God:
Gold: 259           SH:  0    Dex: 22    Spells: 6/6 levels left

rFire   . . .        a - +0 falchion
rCold   . . .        d - orb {light}
rNeg    . . .        e - +0 plate armour
rPois   .            f - +0 helmet
rElec   .            (no cloak)
rCorr   .            (no gloves)
SInv    .            v - +0 pair of boots
Will    .....        (no amulet) Stlth
                     u - +6 ring of dexterity
HPRegen 0.28/turn    (no ring)
MPRegen 0.10/turn

%: no passive effects
@: confused, ambrosia-drunk, unable to hop, glowing, heavily drained, slow
A: amphibious, slowness 1, strong legs 1, +LOS
a: Hop


You were on level 4 of the Dungeon.
You visited 1 branch of the dungeon, and saw 5 of its levels.

You collected 259 gold pieces.

Inventory:

Hand Weapons
 a - a +0 falchion (weapon)
Missiles
 g - 3 poisoned darts (quivered)
Armour
 d - an orb of light (worn)
 e - a +0 plate armour (worn)
 f - a +0 helmet (worn)
 v - a +0 pair of boots (worn)
Jewellery
 u - a +6 ring of dexterity (left hand)
Scrolls
 b - a scroll of fear {unknown}
 i - 4 scrolls of identify {unknown}
 j - 3 scrolls of immolation {unknown}
 l - 2 scrolls of teleportation {unknown}
 n - a scroll of fog {unknown}
 o - a scroll of poison {unknown}
 p - a scroll of acquirement {unknown}
 q - a scroll of vulnerability {unknown}
 w - a scroll of enchant armour {unknown}
Potions
 c - 2 potions of ambrosia
 h - 2 potions of lignification {unknown}
 k - 3 potions of haste {unknown}
 m - a potion of invisibility {unknown}
 r - a potion of berserk rage {unknown}
 s - a potion of resistance {unknown}
 t - 4 potions of curing {unknown}
 x - a potion of brilliance {unknown}
 z - 3 potions of heal wounds {unknown}
 A - a potion of mutation {unknown}


   Skills:
 + Level 5.3 Fighting
 * Level 6.7 Long Blades
 + Level 2.7 Throwing
 + Level 3.6 Armour
 - Level 3.2 Dodging


You had 6 spell levels left.
You didn't know any spells.
Your spell library contained the following spells:

 Spells                   Type           Power      Damage    Failure   Level
 Lesser Beckoning         Tloc           0%         N/A       100%        2
 Sublimation of Blood     Necr           0%         N/A       100%        2
 Gell's Gravitas          Tloc           0%         N/A       100%        3
 Teleport Other           Tloc           0%         N/A       100%        3
 Petrify                  Tmut/Erth      0%         N/A       100%        4
 Irradiate                Conj/Tmut      0%         3d11      100%        5


Dungeon Overview and Level Annotations

Branches:
Dungeon (5/15)
 Temple: D:4-7

Altars:
Trog

Shops:
D:4 (


Innate Abilities, Weirdness & Mutations

You are amphibious.
You cover ground slowly.
You can hop short distances.
You have an extended range of vision and can be seen from far away.


Message History

The wight hits you from afar with a +0 halberd!
The wight hits you with a +0 dagger.
You hit the wight.
The wight is lightly damaged.
The wight hits you from afar with a +0 halberd.
You feel drained. The wight hits you but does no damage.
You hit the wight.
The wight is moderately damaged.
The wight hits you from afar with a +0 halberd.
You feel drained. The wight hits you with a +0 dagger.
You hit the wight.
The wight is heavily damaged.
The wight hits you from afar with a +0 halberd.
You feel drained. The wight hits you but does no damage.
You hit the wight but do no damage.
The wight is heavily damaged.
The wight hits you from afar with a +0 halberd.
You feel drained. The wight hits you but does no damage.
You hit the wight but do no damage.
The wight is heavily damaged.
The wight closely misses you. The wight hits you but does no damage.
Hop to where?
Press: ? - help, Dir - move target Boing!
There is a stone staircase leading down here.
Things that are here:
a +0 leather armour; a +2 dire flail of draining The wight hits you but does no damage.
Things that are here:
a +0 leather armour; a +2 dire flail of draining You hit the wight but do no damage.
The wight hits you with a +0 halberd!
You hit the wight but do no damage. The wight hits you with a +0 halberd!
* * * LOW HITPOINT WARNING * * *
You are confused.
You feel invigorated. The wight hits you with a +0 halberd.
* * * LOW HITPOINT WARNING * * *
You hit the wight but do no damage. The wight hits you with a +0 halberd!
* * * LOW HITPOINT WARNING * * *
You feel drained.
You die...

#.# #z#
#.# #z#
###.#
#z..#
#z###
... #z#
..) #@#
##.#
#.#
#..#
#.#
#..#
#.##
#..####
#..#
#.....#
##.#
#...#.#
#.#
#†...#
#.#
#.#.##
#.#


You could see 3 wights.

Vanquished Creatures
  Edmund (D:4)
  A water moccasin (D:4)
  A scorpion (D:5)
  A wight (D:4)
  Jessica (D:2)
  A gnoll (D:5)
  3 adders (D:2)
  3 worms
  2 dart slugs
  An orc (D:3)
  6 ball pythons
  9 endoplasms
  8 giant cockroaches
  4 goblins
  11 hobgoblins
  4 jackals
  3 quokkas
  3 bats (D:2)
  3 frilled lizards
  5 kobolds
  10 rats
81 creatures vanquished.

Notes
Turn   | Place    | Note
-------+----------+-------------------------------------------
     0 | D:1      | jagang the Barachi Monk began the quest for the Orb.
     0 | D:1      | Reached XP level 1. HP: 18/18 MP: 1/1
   161 | D:1      | Reached XP level 2. HP: 25/25 MP: 2/2
   175 | D:1      | Reached skill level 4 in Long Blades
   213 | D:1      | Reached skill level 1 in Armour
  1018 | D:2      | Noticed Jessica
  1020 | D:2      | Killed Jessica
  1021 | D:2      | Reached XP level 3. HP: 30/30 MP: 3/3
  1081 | D:2      | Reached XP level 4. HP: 19/37 MP: 4/4
  1149 | D:2      | Reached skill level 1 in Throwing
  1220 | D:2      | Found a bloodstained altar of Trog.
  1362 | D:2      | Reached skill level 5 in Long Blades
  1970 | D:3      | Reached XP level 5. HP: 41/43 MP: 5/5
  2722 | D:4      | Found Xis Xyrydgh's Antique Weapon Boutique.
  2852 | D:4      | Noticed Edmund
  2869 | D:4      | Killed Edmund
  2870 | D:4      | Reached skill level 6 in Long Blades
  2870 | D:4      | Reached XP level 6. HP: 36/50 MP: 6/6
  2957 | D:4      | Reached skill level 5 in Fighting
  3048 | D:5      | Entered Level 5 of the Dungeon
  3071 | D:5      | Noticed a water moccasin
  3087 | D:4      | Killed a water moccasin
  3142 | D:5      | Reached XP level 7. HP: 56/56 MP: 7/7
  3372 | D:4      | HP: 2/50 [wight/+0 halberd (10)]
  3372 | D:4      | Slain by a wight

Illustrated notes

Levels and vault maps discovered:
D:1:      elethiomel_arrival_maze, layout_basic
D:2:      layout_loops_ring, basic_altar, minmay_joined_circles, uniq_jessica
D:3:      layout_basic
D:4:      layout_loops_ring, serial_shops, shop, uniq_sigmund, uniq_edmund
D:5:      wad_river_or_something, layout_basic, grunt_temple_overflow_open,
          minmay_temple_entry_mist, grunt_decor_clamped, uniq_prince_ribbit1,
          uniq_ijyb

Skill      XL: |  1  2  3  4  5  6 |
---------------+-------------------+-----
Long Blades    | 4 5 6 |  6.7
Armour         | 1 2 3 |  3.6
Fighting       | 4 5 |  5.3
Throwing       | 1 2 |  2.7
Dodging        | |  3.2

Action                     |  1- 3 |  4- 6 |  7- 9 || total
---------------------------+-------+-------+-------++-------
  Melee: Falchion          |    65 |   167 |    12 ||   244
  Throw: Dart              |       |     3 |       ||     3
Ability: Hop               |       |     2 |     1 ||     3
    Use: Potion            |       |       |     1 ||     1
 Armour: Plate armour      |    46 |   126 |     9 ||   181
         Robe              |     1 |       |       ||     1
  Dodge: Dodged            |    12 |    25 |     3 ||    40
